 Dungeon Crawl Stone Soup version 0.30-a0-782-ge64f9170bb (webtiles) character file.

Game seed: 10722352074774179437

539 mopl the Cudgeller (level 7, 0/44 HPs)
             Began as a Gargoyle Fighter on Mar 12, 2023.
             Slain by a wight
             ... wielding a +0 flail
              (9 damage)
             ... on level 3 of the Dungeon.
             The game lasted 00:04:18 (2840 turns).

mopl the Cudgeller (Gargoyle Fighter)               Turns: 2840, Time: 00:04:19

Health: 0/44       AC: 17    Str: 20    XL:     7   Next: 26%
Magic:  7/7        EV: 10    Int:  8    God:
Gold:   185        SH:  4    Dex: 11    Spells: 6/6 levels left

rFire   . . .      SeeInvis .    G - +2 whip (elec)
rCold   + . .      Faith    .    c - +0 buckler
rNeg    + . .      Spirit   .    b - +0 scale mail
rPois   ∞          Reflect  .    (no helmet)
rElec   +          Harm     .    (no cloak)
rCorr   .          Rampage  .    F - +0 pair of gloves
Will    .....                    (no boots) Stlth
                                 (no amulet)
HPRegen 0.27/turn                h - ring of protection from cold
MPRegen 0.10/turn                v - +4 ring of protection

@: no status effects
A: sickness immunity, AC +4, negative energy resistance 1, electricity
resistance, torment resistance 1, petrification resistance
a: no special abilities


You were on level 3 of the Dungeon.
You visited 1 branch of the dungeon, and saw 4 of its levels.
You also visited: Sewer.

You collected 185 gold pieces.

Inventory:

Hand Weapons
 a - a +0 flail
 G - a +2 whip of electrocution (weapon)
Missiles
 e - 3 datura-tipped darts (quivered)
 f - 20 poisoned darts
 g - 2 javelins
Armour
 b - a +0 scale mail (worn)
 c - a +0 buckler (worn)
 F - a +0 pair of gloves (worn)
Magical Staves
 u - a staff of poison
Jewellery
 h - a ring of protection from cold (left hand)
 n - an amulet of the acrobat
 s - a ring of fire
 v - a +4 ring of protection (right hand)
Scrolls
 i - 2 scrolls of fear
 k - a scroll of teleportation
 r - a scroll of magic mapping {unknown}
 t - a scroll of fog {unknown}
 x - a scroll of identify {unknown}
 y - 2 scrolls of vulnerability {unknown}
 A - a scroll of noise {unknown}
 D - a scroll of enchant weapon {unknown}
Potions
 d - 3 potions of might
 j - a potion of invisibility
 l - a potion of resistance {unknown}
 m - 2 potions of magic {unknown}
 o - a potion of cancellation {unknown}
 p - 3 potions of curing {unknown}
 q - a potion of degeneration {unknown}
 w - a potion of flight
 z - 2 potions of attraction {unknown}
 B - 2 potions of haste {unknown}
 C - 3 potions of heal wounds
 E - a potion of mutation {unknown}


   Skills:
 + Level 4.6 Fighting
 * Level 4.7 Maces & Flails
 + Level 2.3 Throwing
 + Level 4.6 Armour
 + Level 2.2 Dodging
 - Level 3.2 Shields


You had 6 spell levels left.
You didn't know any spells.
Your spell library contained the following spells:

 Spells                   Type           Power      Damage    Failure   Level
 Dazzling Flash           Conj/Hex       0%         N/A       99%         3
 Hailstorm                Conj/Ice       0%         3d3       99%         3
 Stone Arrow              Conj/Erth      0%         3d7       99%         3
 Animate Armour           Summ/Erth      0%         N/A       100%        4
 Ice Form                 Ice/Tmut       0%         N/A       100%        4
 Agony                    Necr           0%         N/A       100%        5
 Silence                  Hex/Air        0%         N/A       100%        5
 Simulacrum               Ice/Necr       0%         N/A       100%        6
 Lehudib's Crystal Spear  Conj/Erth      0%         10d2      100%        8


Dungeon Overview and Level Annotations

Branches:
Dungeon (4/15)              Sewer (visited)
 Temple: D:4-7

Altars:
Dithmenos
Xom
Zin

Shops:
D:2 (   D:4 *

Annotations:
D:4 angel


Innate Abilities, Weirdness & Mutations

You are immune to sickness and miasma.
Your stone body is resilient. (AC +4)
You are immune to poison.
You resist negative energy. (rN+)
You are resistant to electric shocks. (rElec)
You are resistant to unholy torment.
You are immune to petrification.


Message History

The wight is almost destroyed.
The wight hits you but does no damage. The wight closely misses you.
You closely miss the wight.
The wight is almost destroyed.
You block the wight's attack. The wight hits you but does no damage.
You barely miss the wight.
The wight is almost destroyed.
You block the wight's attack.
The wight hits you from afar with a +0 spear.
You barely miss the wight.
The wight is almost destroyed.
The wight barely misses you. x2
You hit the wight.
You destroy the wight!
The wight hits you from afar with a +0 spear.
* * * LOW HITPOINT WARNING * * *
You closely miss the wight. The wight closely misses you.
The wight hits you with a +0 flail.
* * * LOW HITPOINT WARNING * * *
The wight attacks as you move away! You block the wight's attack.
There is a stone staircase leading up here.
You climb upwards.
There is a stone staircase leading down here.
You see here a +0 club.
You hit the wight.
The wight is moderately damaged.
The wight closely misses you.
You barely miss the wight.
The wight is moderately damaged.
You whack the wight!
The wight is almost destroyed.
The wight hits you with a +0 flail.
* * * LOW HITPOINT WARNING * * *
You barely miss the wight.
The wight is almost destroyed.
The wight hits you but does no damage.
You closely miss the wight.
The wight is almost destroyed.
The wight hits you with a +0 flail!
You die...

....#.##....#####.#####..#.#.###.
#####.##.##.# #........#.##.#.#
#.##.##.############.......##
#.......#.......# #.......##
####.##.#'#####+# #.......#
#.....##.# #.###.......#
#.#.###.[#####..##.......#
#.#.##.....).....##......#
#.......⌠..@..⌠..........#
#...##......z....##...#..#
#.#####..#####..####....## #.#
##.#...#.## #.#### #.# #'#..##'#
#.# #.# #...##..# #.# #.#
######.## #.# #.# ##...## #.# #.#
##.....## #.#


You could see a wight.

Vanquished Creatures
  A kobold brigand (Sewer)
  3 wights (D:4)
  2 hounds (D:4)
  An iguana (D:2)
  14 adders
  A river rat (Sewer)
  An ufetubus (D:3)
  4 worms
  A dart slug (D:2)
  4 orcs
  9 endoplasms
  2 giant cockroaches
  6 goblins
  3 hobgoblins
  13 kobolds
  3 quokkas
  7 ball pythons
  8 bats
  A frilled lizard (D:2)
  8 rats
92 creatures vanquished.

Vanquished Creatures (others)
  A plant (D:1)
1 creature vanquished.

Grand Total: 93 creatures vanquished

Notes
Turn   | Place    | Note
-------+----------+-------------------------------------------
     0 | D:1      | mopl the Gargoyle Fighter began the quest for the Orb.
     0 | D:1      | Reached XP level 1. HP: 14/14 MP: 1/1
   323 | D:1      | Reached XP level 2. HP: 19/19 MP: 2/2
   798 | D:2      | Reached XP level 3. HP: 14/23 MP: 3/3
   870 | D:2      | Reached skill level 3 in Maces & Flails
   870 | D:2      | Reached skill level 1 in Throwing
   870 | D:2      | Reached XP level 4. HP: 12/28 MP: 4/4
   945 | D:2      | Found Ypoaf's Antique Weapon Emporium.
   959 | D:2      | Reached skill level 1 in Dodging
  1352 | D:3      | Found a shadowy altar of Dithmenos.
  1419 | D:3      | Reached XP level 5. HP: 33/33 MP: 5/5
  1555 | D:3      | Reached skill level 4 in Armour
  1584 | D:3      | Found a glowing drain.
  1589 | Sewer    | Entered a sewer
  1630 | Sewer    | Reached skill level 4 in Fighting
  1788 | Sewer    | Noticed a kobold brigand
  1811 | Sewer    | Killed a kobold brigand
  1812 | Sewer    | Reached skill level 4 in Maces & Flails
  1812 | Sewer    | Reached XP level 6. HP: 23/38 MP: 6/6
  2505 | D:4      | Found a glowing silver altar of Zin.
  2505 | D:4      | Noticed an angel
  2513 | D:4      | Reached skill level 2 in Throwing
  2658 | D:4      | Found a shimmering altar of Xom.
  2759 | D:4      | Found Boehed's Gadget Gallery.
  2804 | D:4      | Reached skill level 2 in Dodging
  2804 | D:4      | Reached XP level 7. HP: 23/44 MP: 7/7
  2840 | D:3      | Slain by a wight

Illustrated notes

Levels and vault maps discovered:
D:1:      lemuel_arrival_tunnels, layout_basic, serial_forest,
          infiniplex_forest_clump_tiny, infiniplex_forest_clump_tiny,
          infiniplex_forest_clump_double, infiniplex_forest_clump_tiny,
          infiniplex_forest_clump_long, infiniplex_forest_lined_2,
          infiniplex_forest_corner_2, infiniplex_forest_end_2
D:2:      layout_rooms, serial_shops, nicolae_shop_advertising_works
          [nicolae_subvault_shop_adworks]
D:3:      layout_loops_cross, lemuel_coloured_pillars_altar,
          portal_sewer_entry_e, chequers_garden, palyth_stone_intersect,
          grunt_ministairs_15
D:4:      layout_gridville, grunt_temple_overflow_order_and_chaos_1,
          nicolae_shop_gadgets

Skill      XL: |  1  2  3  4  5  6 |
---------------+-------------------+-----
Maces & Flails | 3 4 |  4.7
Throwing       | 1 2 |  2.3
Dodging        | 1 2 |  2.2
Armour         | 4 |  4.6
Fighting       | 4 |  4.6
Shields        | |  3.2

Action                     |  1- 3 |  4- 6 |  7- 9 || total
---------------------------+-------+-------+-------++-------
  Melee: Flail             |   101 |   274 |       ||   375
         Whip              |       |    22 |    30 ||    52
    Use: Scroll            |       |     2 |       ||     2
         Potion            |       |     2 |       ||     2
 Armour: Scale mail        |    77 |   223 |    15 ||   315
  Dodge: Dodged            |    58 |   177 |    17 ||   252
  Block: Buckler           |    24 |    86 |     6 ||   116

Table legend: (Time is in decaauts)
 A = Elapsed time spent in this place.
 B = Non-inter-level travel time spent in this place.
 C = Inter-level travel time spent in this place.
 D = Time resting spent in this place.
 E = Time spent auto-exploring this place.
 F = Levels seen in this place.
 G = Mean time per level.
                   A        B        C        D        E       F      G
               +--------+--------+--------+--------+--------+-----+--------+
         Total |   3011 |   2943 |     68 |    173 |   1641 |   5 |  602.2 |
       Dungeon |   2528 |   2460 |     68 |    173 |   1480 |   4 |  632.0 |
         Sewer |    482 |    482 |      0 |      0 |    161 |   1 |  482.0 |
               +--------+--------+--------+--------+--------+-----+--------+

Top non-repeatable levels by time:
     D:3: 857 daAuts
     D:1: 747 daAuts
     D:2: 643 daAuts
   Sewer: 482 daAuts
     D:4: 279 daAuts
